 Dungeon Crawl Stone Soup version 0.21.1-1-g345015f (webtiles) character file.

1750 Mirai the Magician (level 8, -2/48 HPs)
             Began as a Deep Elf Conjurer on Feb 19, 2018.
             Slain by a two-headed ogre
             ... wielding a +0 giant spiked club
              (18 damage)
             ... on level 7 of the Dungeon.
             The game lasted 00:22:06 (6081 turns).

Mirai the Magician (Deep Elf Conjurer)              Turns: 6081, Time: 00:22:07

Health: -2/48      AC:  6    Str:  9    XL:     8   Next: 78%
Magic:  10/21      EV: 15    Int: 27    God:
Gold:   343        SH:  0    Dex: 15    Spells: 11/22 levels left

rFire    + . .     SeeInvis .   z - +2 short sword (flame)
rCold    . . .     Gourm    .   (no shield)
rNeg     + + .     Faith    .   s - +1 robe of Dogmatism {rN++ Str+4 Int+4}
rPois    .         Spirit   .   (no helmet)
rElec    .         Reflect  .   (no cloak)
rCorr    .         Harm     .   k - +2 pair of gloves
MR       +....                  (no boots)
Stlth    +++.......             (no amulet)
HPRegen  0.16/turn              g - ring of protection from fire
MPRegen  0.17/turn              h - ring of protection from magic

@: very slightly contaminated
A: no striking features
a: no special abilities


You were on level 7 of the Dungeon.
You were hungry.

You visited 1 branch of the dungeon, and saw 7 of its levels.

You collected 468 gold pieces.
You spent 125 gold pieces at shops.

Inventory:

Hand Weapons
 e - a +0 giant spiked club
 z - a +2 short sword of flaming (weapon)
Armour
 k - a +2 pair of gloves (worn)
 q - +0 fire dragon scales
 s - the +1 robe of Dogmatism (worn) {rN++ Str+4 Int+4}
   (You bought it in a shop on level 4 of the Dungeon)

   It affects your strength (+4).
   It affects your intelligence (+4).
   It greatly protects you from negative energy.
 y - a +1 chain mail of cold resistance
Jewellery
 g - a ring of protection from fire (left hand)
 h - a ring of protection from magic (right hand)
Wands
 B - a wand of acid (5)
 C - a wand of digging (17)
Scrolls
 d - a scroll of amnesia {unknown}
 i - 6 scrolls of identify
 j - 3 scrolls of remove curse
 m - a scroll of magic mapping {unknown}
 o - a scroll of teleportation {unknown}
 p - a scroll of random uselessness {unknown}
 t - a scroll of holy word {unknown}
 u - a scroll of blinking {unknown}
 v - a scroll of enchant weapon {unknown}
 w - 3 scrolls of immolation {unknown}
 x - 3 scrolls of enchant armour {unknown}
Potions
 a - 2 potions of degeneration {unknown}
 f - 2 potions of brilliance {unknown}
 l - a potion of invisibility {unknown}
 n - a potion of berserk rage {unknown}
 r - a potion of might {unknown}
 A - 2 potions of mutation {unknown}
Books
 b - a book of Conjurations

   Spells                             Type                      Level
   a - Magic Dart                     Conjuration                  1
   b - Searing Ray                    Conjuration                  2
   c - Dazzling Spray                 Conjuration/Hexes            3
   d - Fulminant Prism                Conjuration/Hexes            4
   e - Force Lance                    Conjuration/Translocation    4
   f - Iskenderun's Mystic Blast      Conjuration                  4
Comestibles
 c - 16 rations


   Skills:
 * Level 4.0 Fighting
 + Level 4.9 Dodging
 + Level 4.0 Stealth
 + Level 7.9 Spellcasting
 + Level 7.8 Conjurations
 * Level 5.0 Hexes


You had 11 spell levels left.
You knew the following spells:

 Your Spells              Type           Power        Failure   Level  Hunger
a - Magic Dart            Conj           ####         1%          1    None
b - Searing Ray           Conj           ######       1%          2    None
c - Iskenderun's Mystic   Conj           ######..     1%          4    ##.....
d - Fulminant Prism       Conj/Hex       #####.....   3%          4    ##.....


Dungeon Overview and Level Annotations

Branches:
Dungeon (7/15)
 Temple: D:4-7

Altars:
Dithmenos
Okawaru
Yredelemnul
The Shining One

Shops:
D:4 *%}*[


Message History

Press: ? - help, Dir - move target cursor You conjure a prism of explosive energy!
The two-headed ogre hits your fulminant prism with a giant spiked club!!
Your fulminant prism detonates feebly.
The orc wizard mumbles some strange words.
The orc wizard seems to speed up.
Casting: Fulminant Prism
Confirm with . or Enter, or press ? or * to list all spells.
Aiming: Searing Ray
Press: ? - help, Shift-Dir - straight line, f - two-headed ogre
Aim: a two-headed ogre, wielding a giant spiked club and a giant club The searing ray hits the two-headed ogre.
The two-headed ogre is lightly wounded. (Press . to maintain the ray.)
The searing ray misses the two-headed ogre.
The searing ray hits the orc priest.
The orc priest is moderately wounded.
The two-headed ogre hits you with a giant spiked club!
The two-headed ogre hits you with a giant club!!
You die...

..######## .........# ...
..##.....#####. .).
............... ...
...#.......... # #'# #
...#.#+#..... #.####.#.# #
+#.#.#...##### ...#.#.#.#.#
.#.......#...#######.#..†....#
.........+......@Oo.o........<
.#..#.####...#######..........
#...#.....###..... ######.....
#########.###..... ....
............+.....+ ...
###.#####.###.....# ##
....#####...##...##
....#...#.........
....+...'.........


You could see a two-headed ogre, an orc priest and an orc wizard.

Vanquished Creatures
  Grinder (D:6)
  The ghost of jazmu the Skirmisher, an amateur FoMo (D:3)
  An ice beast (D:7)
  2 sky beasts
  3 ogres (D:6)
  A centaur (D:6)
  2 bullfrogs
  3 scorpions
  A howler monkey (D:6)
  2 crimson imps (D:5)
  2 hounds
  A gnoll shaman (D:4)
  A bullfrog skeleton (D:4)
  An iguana (D:7)
  A worker ant (D:4)
  A hound zombie (D:7)
  9 gnolls
  6 adders
  A shadow imp (D:7)
  An adder zombie (D:6)
  A worm (D:2)
  A leopard gecko (D:2)
  7 orcs
  8 bats
  6 giant cockroaches
  2 gnoll zombies (D:6)
  8 goblins
  12 hobgoblins
  15 jackals
  3 quokkas
  A ball python (D:4)
  6 kobolds
  5 rats
116 creatures vanquished.

Vanquished Creatures (others)
  11 fulminant prisms
11 creatures vanquished.

Grand Total: 127 creatures vanquished

Notes
Turn   | Place    | Note
-------+----------+-------------------------------------------
     0 | D:1      | Mirai the Deep Elf Conjurer began the quest for the Orb.
     0 | D:1      | Reached XP level 1. HP: 10/10 MP: 6/6
   512 | D:1      | Reached XP level 2. HP: 16/16 MP: 6/8
  1083 | D:2      | Reached skill level 1 in Fighting
  1116 | D:2      | Reached skill level 5 in Conjurations
  1188 | D:2      | Found an iron altar of Okawaru.
  1196 | D:2      | Reached XP level 3. HP: 20/20 MP: 5/9
  1447 | D:2      | Learned a level 2 spell: Searing Ray
  1718 | D:3      | Reached XP level 4. HP: 15/25 MP: 4/11
  1742 | D:3      | Noticed jazmu's ghost (amateur FoMo)
  1757 | D:3      | HP: 1/25 [gnoll/spear (8)]
  1793 | D:5      | Entered Level 5 of the Dungeon
  1793 | D:5      | Noticed a sky beast
  2010 | D:3      | Learned a level 4 spell: Iskenderun's Mystic Blast
  2207 | D:3      | HP: 1/25 [bat (1)]
  2219 | D:3      | Killed jazmu's ghost
  2219 | D:3      | Reached XP level 5. HP: 20/30 MP: 1/13
  2503 | D:3      | Learned a level 4 spell: Fulminant Prism
  2569 | D:4      | Found Haton's Antique Armour Shop.
  2578 | D:4      | Reached XP level 6. HP: 33/35 MP: 1/15
  2677 | D:4      | Bought a heavily jewelled robe for 125 gold pieces
  2699 | D:4      | Identified the +1 robe of Dogmatism {rN++ Str+4 Int+4} (You bought it in a shop on level 4 of the Dungeon)
  2729 | D:4      | Found Otietoq's Assorted Antiques.
  2781 | D:4      | Found Hajifurr's Gadget Emporium.
  2940 | D:4      | Found Lumuywec's Assorted Antiques.
  3147 | D:4      | Reached skill level 5 in Spellcasting
  3147 | D:4      | Reached skill level 1 in Hexes
  3181 | D:4      | Found Ziuva's Food Shop.
  3287 | D:4      | Found a glowing golden altar of the Shining One.
  3481 | D:5      | Killed a sky beast
  3583 | D:5      | Found a shadowy altar of Dithmenos.
  3625 | D:5      | Reached XP level 7. HP: 40/40 MP: 4/17
  4282 | D:6      | Noticed Grinder
  4396 | D:6      | Killed Grinder
  4567 | D:6      | Reached XP level 8. HP: 39/46 MP: 10/19
  4726 | D:6      | HP: 1/46 [ogre/giant club (24)]
  5578 | D:6      | Found a basalt altar of Yredelemnul.
  5929 | D:7      | Reached skill level 5 in Hexes
  6070 | D:7      | Noticed a two-headed ogre
  6081 | D:7      | Slain by a two-headed ogre

Skill      XL: |  1  2  3  4  5  6  7  8 |
---------------+-------------------------+-----
Fighting       | 1 2 3 4 |  4.0
Conjurations   | 5 6 7 |  7.8
Dodging        | 3 4 |  4.9
Stealth        | 3 4 |  4.0
Spellcasting   | 4 5 6 7 |  7.9
Hexes          | 2 3 5 |  5.0

Action                   |  1- 3 |  4- 6 |  7- 9 || total
-------------------------+-------+-------+-------++-------
Melee: Short sword       |     3 |    18 |    29 ||    50
 Cast: Magic Dart        |    70 |    28 |    55 ||   153
       Searing Ray       |     1 |    10 |     6 ||    17
       Iskenderun's Myst |       |    10 |    28 ||    38
       Fulminant Prism   |       |     1 |    10 ||    11
  Use: Potion            |       |     6 |       ||     6
       Scroll            |       |     3 |       ||     3
  Eat: Chunk             |     2 |     3 |    11 ||    16
       Ration            |       |     1 |       ||     1
Armor: Robe              |     2 |    35 |    23 ||    60
Dodge: Dodged            |    13 |    84 |    61 ||   158
